Map: Abyssal Reef LE

Players

Minatoeh (Minato) - Winner!

  • Race: Zerg Zerg
  • League: Master
  • Spawn Location: 5:00

Zerghamdi

  • Race: Zerg Zerg
  • League: Grandmaster
  • Spawn Location: 11:00

Event: WESG Barcelona European Finals 2017

VOD

Have the link to the VOD?

Description

Time

  • Played on: Nov. 23, 2017, 6:30 a.m.
  • Length: 5:59

All games in this series

Show
View Real Time Build Order
Export as new Build Order

Minatoeh Zerg - Winner!

Build Orders: Hatch First 

Get SALT Encoding   

  12  0:00  Drone  
  13  0:13  Overlord  
  13  0:17  Drone  
  14  0:31  Drone x2  
  14  0:35  Drone  
  17  0:52  Hatchery  
  16  1:05  Spawning Pool  
  16  1:08  Drone  
  16  1:11  Drone  
  16  1:14  Drone  
  18  1:22  Overlord  
  18  1:38  Drone  
  19  1:45  Drone  
  20  1:52  Zergling x2, Queen  
  23  2:03  Drone  
  23  2:04  Queen  
  23  2:05  Drone  
  23  2:06  Extractor  
  26  2:12  Drone  
  27  2:16  Drone  
  28  2:23  Drone  
  28  2:24  Spine Crawler  
  28  2:28  Queen  
  28  2:29  Overlord  
  30  2:35  Drone  
  31  2:39  Drone  
  32  2:52  Zergling x4  
  32  2:57  Roach Warren  
  32  2:59  Zergling x4  
  32  3:04  Zergling x4  
  38  3:08  Zergling x2  
  38  3:24  Drone x4  
  38  3:26  Metabolic Boost  
  41  3:33  Drone x3  
  44  3:40  Drone x2  
  44  3:46  Extractor  
  43  3:51  Overlord  
  43  3:55  Overlord  
  43  4:00  Drone x2, Hatchery  
  44  4:11  Roach x4  
  44  4:15  Overlord  
  52  4:19  Overlord  
  52  4:23  Roach  
  54  4:26  Roach  
  58  4:31  Roach  
  58  4:32  Roach  
  60  4:39  Roach x2  
  60  4:44  Ravager  
  65  4:46  Zergling x4  
  65  4:47  Zergling x4  
  65  4:52  Zergling x4  
  71  4:57  Zergling x6  
  73  5:09  Zergling x4  
  75  5:17  Zergling x10  
  79  5:24  Zergling x2  
  79  5:25  Zergling x4  
  75  5:40  Zergling x8  
  75  5:41  Zergling x4  
Show
View Real Time Build Order
Export as new Build Order

Zerghamdi Zerg 

Build Orders: Pool First 

Get SALT Encoding   

  12  0:00  Drone  
  13  0:12  Overlord  
  13  0:17  Drone  
  14  0:30  Drone x2  
  14  0:34  Drone  
  17  0:45  Drone  
  17  0:46  Extractor  
  17  0:50  Spawning Pool  
  17  0:56  Drone  
  17  1:19  Drone x2  
  19  1:27  Hatchery  
  18  1:37  Queen  
  18  1:38  Zergling x2  
  21  1:45  Metabolic Boost  
  21  1:52  Overlord  
  21  2:06  Baneling Nest  
  20  2:09  Zergling x4  
  22  2:19  Drone  
  22  2:22  Zergling x2  
  24  2:24  Queen  
  26  2:32  Zergling x2  
  27  2:40  Zergling x2  
  27  2:44  Zergling x8  
  32  2:56  Baneling x2, Drone  
  32  2:57  Drone  
  33  3:02  Drone  
  34  3:06  Overlord  
  34  3:13  Drone  
  34  3:18  Drone  
  33  3:22  Drone  
  29  3:27  Drone  
  29  3:29  Drone x2  
  30  3:44  Hatchery  
  30  3:47  Drone  
  30  3:50  Drone x2  
  30  3:54  Drone  
  30  3:55  Drone  
  34  3:57  Drone  
  35  4:04  Zergling x6  
  35  4:06  Zergling x2  
  35  4:09  Drone  
  40  4:12  Drone  
  40  4:13  Drone  
  40  4:14  Drone  
  43  4:20  Roach Warren  
  42  4:32  Overlord x2  
  42  4:35  Evolution Chamber  
  42  4:36  Drone  
  42  4:37  Drone x2  
  44  4:39  Extractor  
  44  4:40  Overlord  
  42  4:46  Overlord x2  
  40  4:59  Roach x2  
  47  5:00  Roach x2  
  47  5:01  Roach  
  47  5:04  Roach  
  47  5:06  Roach  
  53  5:07  Roach  
  53  5:13  Roach  
  56  5:16  Zergling x2  
  56  5:19  Roach  
  59  5:21  Zergling x2  
  59  5:26  Roach  
  62  5:29  Roach  
  58  5:37  Roach  
Tags
 
Add a new tag
Caveats
  • Supply blocks, unpowered buildings, or Contaminate may cause inaccurate times.
  • Supply counts are checked every 10 seconds.